[Event "Late-Titled-Tuesday-Blitz-October-17-2023"]
[Site "Chess.com"]
[Date "2023.10.17"]
[Round "1"]
[White "Deeper44"]
[Black "ToddBryant"]
[Result "1-0"]
[WhiteElo "2635"]
[BlackElo "2335"]
[TimeControl "180+1"]
[EndTime "14:08:23 PDT"]
[Termination "Deeper44 won on time"]

1. d4 Nf6 2. c4 g6 3. g3 Bg7 4.
Bg2 O-O 5. Nf3 d6 6. O-O c5 7.
d5 e6 8. Nc3 Re8 9. h3 exd5 10.
cxd5 a6 11. a4 Nbd7 12. Nd2 Ne5 13. f4 Ned7 14. e4 Rb8 15. Nc4 Nf8 16. e5 dxe5 17.
fxe5 N6d7 18. Qf3 Nxe5 19. Nxe5 Bxe5 20. Qxf7+ Kh8 21. Bh6 Bf5 22. Rxf5 gxf5 23. Qxf5 Qf6 24. Qh5 Bxg3 25. Rf1 Qg6 26. Qf3 Nd7 27. Bd2 Rf8 28. Qg4 Qxg4 29. hxg4 Be5 30. Ne4 Bd4+ 31. Kh2 Ne5 32. Kh3 Rxf1 33. Bxf1 Rf8 34. Bg2 Nf3 35. Bh6 Rf7 36. Nd6 Rf6 37. Nf5 Ng1+ 38. Kh4 Bf2+ 39. Kg5 Rg6+ 40. Kf4 Be1 41. d6 Bd2+ 42. Ke5 Bxh6 43. Nxh6 Rg5+ 44. Nf5 Rg8 45. d7 Ne2 46. Bxb7 Nd4 47. Nxd4 cxd4 48. Kxd4 Kg7 49.
Ke5 Rd8 50. Kd6 Kf6 51. Be4 h6 52. b4 1-0

[Event "Late-Titled-Tuesday-Blitz-October-17-2023"]
[Site "Chess.com"]
[Date "2023.10.17"]
[Round "1"]
[White "stefan_95"]
[Black "Efremov_Vlad"]
[Result "1-0"]
[WhiteElo "2719"]
[BlackElo "2400"]
[TimeControl "180+1"]
[EndTime "14:08:29 PDT"]
[Termination "stefan_95 won by checkmate"]

1. d4 Nf6 2. Nf3 d5 3. c4 e6 4.
Nc3 Bb4 5. Bg5 h6 6. Bxf6 Qxf6 7.
cxd5 exd5 8. e3 c6 9. Be2 Bf5 10. O-O O-O 11. Qb3 Qe7 12. a3 Bd6 13. Rac1 Rc8 14. h3 Rc7 15. Na4 Nd7 16. Qc3 Nf6 17.
b4 Ne4 18. Qb2 Rac8 19. Nc5 a6 20. a4 g5 21. Ne5 f6 22. Ned3 Bg6 23. b5 cxb5 24.
axb5 Nxc5 25. Nxc5 Bxc5 26. dxc5 axb5 27. Qxb5 Rxc5 28.
Rxc5 Rxc5 29. Qb3 Bf7 30. Rb1 Rc7 31. Qd3 Kg7 32. Qd4 Qe5 33. Qb6 Rd7 34. Bf3 Bg6 35. Rd1 Be4 36. Bg4 f5 37. Bh5 Qd6 38. Qd4+ Qf6 39.
Qa4 Re7 40. Qa8 f4 41. exf4 Qxf4 42. Qd8 Qf6 43. Rc1 Bg6 44. Bg4 Rf7 45. Qxd5 Qxf2+ 46. Kh1 Qf4 47. Rd1 Be4 48. Qd4+ Kg6 49. Qb6+ Rf6 50. Qd8 Bxg2+ 51. Kxg2 Qe4+ 52. Kg1 Qe3+ 53. Kh1 Qe4+ 54. Kh2 Qe5+ 55. Kg2 Qb2+ 56. Qd2 Qe5 57. Qd3+ Kg7 58.
Qd7+ Rf7 59. Qd4 Kf6 60. Rf1+ Kg6 61. Qxe5 Rxf1 62. Kxf1 b6 63. Qe6+ Kg7 64. Bf5 h5 65. Qg6+ Kf8 66. Qh7 Ke8 67. Be6 Kd8 68. Qd7# 1-0

[Event "Late-Titled-Tuesday-Blitz-October-17-2023"]
[Site "Chess.com"]
[Date "2023.10.17"]
[Round "1"]
[White "arminmusovic"]
[Black "DanielDardha2005"]
[Result "0-1"]
[WhiteElo "2480"]
[BlackElo "2893"]
[TimeControl "180+1"]
[EndTime "14:08:34 PDT"]
[Termination "DanielDardha2005 won by checkmate"]

1. a3 e5 2. d4 exd4 3. Qxd4 Nc6 4. Qa4 Nf6 5. Nf3 d5 6. Bg5 Be7 7. Nc3 Be6 8. O-O-O O-O 9. e4 Bd7 10. Bxf6 Bxf6 11.
Nxd5 Bg5+ 12. Nxg5 Qxg5+ 13. f4 Qh6 14. Kb1 Rad8 15.
Bb5 a6 16. Bxc6 bxc6 17. Ne7+ Kh8 18. g3 Qf6 19. Nf5 Bxf5 20. exf5 Rb8 21. Qd4 Qxf5 22. Qc3 Rb6 23. Rd4 h6 24. Re1 Rfb8 25. Rb4 c5 26.
Rxb6 cxb6 27. Qe5 Qc8 28. g4 b5 29. g5 hxg5 30. Qxg5 Rb6 31. f5 Rh6 32. Rg1 Qf8 33.
h4 c4 34. Rg3 f6 35. Qg4 Qf7 36. Re3 Qh5 37. Qd4 Qxf5 38. Re8+ Kh7 39. Ra8 c3 40. bxc3 Qe6 41. Kb2 Rh5 42. Qd3+ Qf5 43. Qd4 Qd5 44.
Qxd5 Rxd5 45. Rxa6 Rh5 46. Rb6 Rxh4 47. Rxb5 g5 48. Kb3 Kg6 49. a4 g4 50. Rb8 Kg7 51. Rb7+ Kg6 52. Rb8 f5 53. a5 Rh7 54. Rb6+ Kg5 55.
a6 Ra7 56. Kb4 g3 57. Kb5 g2 58. Rb8 Rg7 59. a7 g1=Q 60. a8=Q Qb1+ 61. Ka4 Qxc2+ 62.
Kb4 Qb2+ 63. Kc4 Rc7+ 64. Kd5 Qd2+ 65. Ke6 Qe3+ 66. Kd6 Qc5+ 67. Ke6 Re7# 0-1

[Event "Late-Titled-Tuesday-Blitz-October-17-2023"]
[Site "Chess.com"]
[Date "2023.10.17"]
[Round "1"]
[White "alexrustemov"]
[Black "Noki102"]
[Result "1/2-1/2"]
[WhiteElo "2834"]
[BlackElo "2455"]
[TimeControl "180+1"]
[EndTime "14:08:38 PDT"]
[Termination "Game drawn by repetition"]

1. d4 d5 2. c4 e6 3. Nc3 Nf6 4. Nf3 c6 5. e3 Nbd7 6. Qc2 Bd6 7. Bd2 O-O 8. O-O-O dxc4 9. Bxc4 b5 10. Bd3 Bb7 11. e4 e5 12. dxe5 Bxe5 13. Kb1 Qe7 14.
Rhe1 a5 15. Nxe5 Nxe5 16. Bf1 a4 17. a3 b4 18. axb4 a3 19. f4 Neg4 20. e5 Nd5 21. Nxd5 cxd5 22. b3 Rfc8 23. Qd3 Nf2 24. Qd4 Nxd1 25.
Rxd1 Qc7 26. Bd3 Ba6 27. Bf5 Rcb8 28. Rc1 Qb6 29. Qxb6 Rxb6 30. Ka2 g6 31. Bd7 Bb5 32. Bxb5 Rxb5 33. Rc5 Rb7 34. g4 d4 35. f5 gxf5 36. gxf5 d3 37. b5 Rab8 38. Bh6 Rxb5 39. Rc1 f6 40. e6 R5b7 41. Rg1+ Kh8 42. Rg3 Rg8 43. Rxd3 Ra7 44. Rd2 Rc8 45. Be3 Ra5 46. Rf2 Re5 47.
Bd4 Re4 48. Bxf6+ Kg8 49. Kxa3 Ra8+ 50. Kb2 Kf8 51. Bc3 Ke7 52. Rg2 Rf4 53. Rg7+ Kd6 54.
Rd7+ Kc6 55. Rd2 Rxf5 56. e7 Re8 57. Bb4 Re5 58. Kc3 Re3+ 59. Kc4 Re4+ 60. Kc3 Re3+ 61. Kc2 Kc7 62. Rd8 R8xe7 63. Bxe7 Rxe7 64. Rd3 Kb6 65. Rh3 Kb5 66. Rh5+ Kb4 67. Rh4+ Kb5 68. Kd3 Rg7 69. Kc3 Rc7+ 70. Kb2 Rf7 71. Ka3 Ra7+ 72. Kb2 Rf7 73. Rh5+ Kb4 74. Rh4+ Kb5 1/2-1/2

[Event "Late-Titled-Tuesday-Blitz-October-17-2023"]
[Site "Chess.com"]
[Date "2023.10.17"]
[Round "1"]
[White "MAGMAchess02"]
[Black "TanitoluwaAps116"]
[Result "1-0"]
[WhiteElo "2353"]
[BlackElo "2622"]
[TimeControl "180+1"]
[EndTime "14:08:40 PDT"]
[Termination "MAGMAchess02 won by checkmate"]

1. Nf3 Nf6 2. c4 e6 3. g3 b6 4. Bg2 Bb7 5. O-O Be7 6. b3 O-O 7. Bb2 d5 8. e3 dxc4 9. bxc4 c5 10. Qc2 Nc6 11. d3 Nb4 12. Qc3 Qxd3 13. a3 Qxc3 14.
Bxc3 Nc6 15. Nbd2 Rfd8 16. Rfd1 Rac8 17. Nb3 Kf8 18. a4 Ba6 19. Nfd2 Rd3 20. Rdc1 Ke8 21. a5 Bb7 22. Ne4 Nxe4 23. Bxe4 Rxc3 24. Rxc3 Bf6 25. Rcc1 Bxa1 26. Bxc6+ Bxc6 27. Rxa1 b5 28. Rc1 bxc4 29.
Nd2 c3 30. Rxc3 Bd5 31. e4 Bb7 32. f4 Ke7 33. Kf2 Kd6 34. Ke3 f6 35. Nc4+ Ke7 36. h4 Ba6 37. Nd2 Kd6 38. Nf3 Bb5 39. h5 a6 40. g4 Kc6 41. g5 Rd8 42. h6 fxg5 43. Nxg5 gxh6 44. Nxe6 Re8 45. Nxc5 Kd6 46. Rc1 h5 47.
e5+ Kd5 48. Ne4 Re7 49. Nf6+ Ke6 50. Ke4 Rf7 51. f5+ Ke7 52. Rc7+ Kf8 53. Nxh7+ Kg7 54. Rxf7+ Kxf7 55. e6+ Kg7 56. Ng5 Kf6 57. Nh3 Bc6+ 58.
Kf4 Bb5 59. Ng5 Bd3 60. Ne4+ Ke7 61. Ke5 h4 62. f6+ Ke8 63. Ng5 Bg6 64. Kd6 h3 65. f7+ Kf8 66. e7+ Kg7 67. f8=Q# 1-0

[Event "Late-Titled-Tuesday-Blitz-October-17-2023"]
[Site "Chess.com"]
[Date "2023.10.17"]
[Round "1"]
[White "jerry_77"]
[Black "Heinza9"]
[Result "1/2-1/2"]
[WhiteElo "2595"]
[BlackElo "2310"]
[TimeControl "180+1"]
[EndTime "14:08:52 PDT"]
[Termination "Game drawn - insufficient material"]

1. e4 e5 2. Nf3 Nc6 3. Bb5 f5 4. d3 Nf6 5. Nc3 d6 6. O-O Be7 7.
exf5 Bxf5 8. d4 exd4 9. Nxd4 Bd7 10.
Bc4 Ne5 11. Ne6 Bxe6 12. Bxe6 c6 13. f4 Ng6 14. Be3 d5 15. f5 Nf8 16. Bd4 Nxe6 17. fxe6 O-O 18. Qd3 Qd6 19. Rae1 Rad8 20. h3 c5 21. Bxf6 Bxf6 22. e7 Bxe7 23. Qxd5+ Qxd5 24. Nxd5 Rxf1+ 25. Kxf1 Bh4 26. Rd1 Rf8+ 27. Kg1 Rf2 28.
Ne3 Re2 29. Nf5 Bf6 30. Rd7 b6 31. Rxa7 Rxc2 32. b3 g6 33. Nh6+ Kh8 34. Ng4 Bd4+ 35. Kh2 h5 36. Nh6 Be5+ 37. Kg1 Bg3 38. Kf1 Rf2+ 39. Kg1 Re2 40. Nf7+ Kg8 41. Nh6+ Kh8 42. Nf7+ Kg7 43. Ng5+ Kh6 44. Nf3 h4 45. Rb7 Rc2 46. Kf1 Rf2+ 47. Kg1 Rxa2 48. Kf1 Rf2+ 49. Kg1 Rb2 50. Kf1 Rxb3 51. Ke2 c4 52. Nd4 Rb2+ 53. Kf3 b5 54. Rxb5 Rxb5 55. Nxb5 Be5 56. Kg4 c3 57. Na3 g5 58. Kf5 Bd4 59. Nc2 Bg7 60.
Ne3 Kh5 61. Ke4 Kg6 62. Kd3 Be5 63. Ng4 Kf5 64. Ke2 Bg7 65. Ne3+ Ke4 66. Nc2 Kf4 67. Kf2 Ke4 68. Ke2 Kf4 69. Kf2 g4 70. hxg4 Kxg4 71. Ne3+ Kf4 72. Nd5+ Ke4 73. Nb4 Kd4 74.
g3 Kc4 75. Nc2 h3 76. Kg1 Kd3 77. Nb4+ Kc4 78. Nc2 Kb3 79. Ne1 c2 80. Nxc2 Kxc2 81. Kh2 Be5 82. Kxh3 Bxg3 1/2-1/2

[Event "Late-Titled-Tuesday-Blitz-October-17-2023"]
[Site "Chess.com"]
[Date "2023.10.17"]
[Round "1"]
[White "kai_nov"]
[Black "mac0504"]
[Result "1-0"]
[WhiteElo "2287"]
[BlackElo "2567"]
[TimeControl "180+1"]
[EndTime "14:09:04 PDT"]
[Termination "kai_nov won by checkmate"]

1. d4 b6 2. c4 Bb7 3. Nc3 e6 4.
a3 Nf6 5. d5 g6 6. g3 Bg7 7.
Bg2 O-O 8. Nf3 Na6 9. O-O Nc5 10.
Re1 a5 11. Bg5 h6 12. Be3 Ng4 13. Bd4 e5 14. Bxc5 bxc5 15. h3 Nf6 16. Nxe5 Re8 17. Nd3 d6 18. e4 Nd7 19. Qd2 Ba6 20. b3 a4 21. Nxa4 Bxa1 22. Rxa1 Bxc4 23. Naxc5 dxc5 24.
bxc4 Qf6 25. Ra2 Qd4 26. Qc2 Nb6 27. e5 Nxc4 28. d6 Rad8 29. dxc7 Rc8 30. Nf4 Nxe5 31. Nd5 Nd3 32. a4 Re1+ 33. Kh2 Nb4 34. Qd2 Rd1 35.
Qxd4 Rxd4 36. Ne7+ Kg7 37. Nxc8 Na6 38. Nb6 Nxc7 39. a5 Na6 40. Bf1 Nb8 41. a6 Nc6 42. a7 Nxa7 43. Rxa7 Rd2 44. Kg2 Rb2 45. Nd5 Rc2 46.
Nf4 h5 47. Rc7 Rc1 48. Bd3 Kf6 49. Nd5+ Ke6 50. Ne3 Rc3 51. Bc4+ Kd6 52. Rxf7 g5 53. Rf6+ Ke5 54. Rf5+ Kd4 55. Rd5+ Ke4 56. Rxc5 Kd4 57. Rd5+ Ke4 58. Rxg5 Rc2 59. Rxh5 Rc1 60. Rh4+ Ke5 61. Rf4 Rc3 62. h4 Rc1 63. h5 Ra1 64. h6 Ra7 65. h7 Rxh7 66. Rg4 Rc7 67. Rg6 Kd4 68. Re6 Kc3 69. g4 Rc5 70. Kg3 Kd4 71. Kf4 Rc8 72. g5 Rf8+ 73. Kg3 Kc5 74. g6 Kd4 75. Ng4 Kxc4 76.
f4 Kd5 77. Rf6 Re8 78. Kh4 Rh8+ 79. Kg5 Rg8 80. Rf7 Ke4 81. g7 Kf3 82. Nf6 Rxg7+ 83. Rxg7 Kg3 84. Re7 Kf2 85. Kg4 Kf1 86. Kg3 Kg1 87.
Re1# 1-0

[Event "Late-Titled-Tuesday-Blitz-October-17-2023"]
[Site "Chess.com"]
[Date "2023.10.17"]
[Round "1"]
[White "Goryachkina"]
[Black "GAO"]
[Result "1-0"]
[WhiteElo "2657"]
[BlackElo "2347"]
[TimeControl "180+1"]
[EndTime "14:09:11 PDT"]
[Termination "Goryachkina won by checkmate"]

1. e4 c5 2. Nf3 Nc6 3. Bb5 g6 4. Bxc6 dxc6 5. d3 Bg7 6. h3 Nf6 7. O-O Nd7 8. Nc3 e5 9. Be3 b6 10. Qd2 h6 11. Rae1 Nf8 12. Ne2 Ne6 13. Nh2 Nd4 14. f4 Nxe2+ 15. Rxe2 exf4 16. Rxf4 Be6 17. Rf1 Qe7 18. a4 O-O-O 19. a5 Bd4 20. axb6 axb6 21.
Nf3 Kb7 22. Ra1 Ra8 23. Rxa8 Bxe3+ 24. Qxe3 Rxa8 25. Qxh6 Ra1+ 26. Re1 Rxe1+ 27. Nxe1 Qf6 28. Qc1 Qd4+ 29. Kh2 c4 30. Nf3 Qd6+ 31. e5 Qd5 32. dxc4 Qxc4 33. Qd2 b5 34. b4 Bd5 35. c3 Qe4 36.
Kg3 Qf5 37. Qg5 Qe6 38. Nd4 Qd7 39. Qf6 Qe8 40. h4 Qd7 41. Qd6 Qxd6 42. exd6 Kc8 43.
Kh3 Kd7 44. g4 Kxd6 45. h5 gxh5 46. gxh5 c5 47. Nxb5+ Kc6 48. Na3 cxb4 49. cxb4 Be4 50. Kh4 f6 51. h6 Bg6 52. Kg4 Kd6 53. Kf4 Bh7 54. Nc2 Kc6 55. Ne3 Kb5 56. Nd5 Bg6 57. Nxf6 Kxb4 58. Kg5 Bc2 59. Ng8 Kc5 60. Ne7 Bh7 61.
Kf6 Kd6 62. Ng6 Kd7 63. Kg7 Ke8 64. Kxh7 Kf7 65. Ne5+ Kf8 66. Kg6 Kg8 67. h7+ Kh8 68. Nf7# 1-0

[Event "Late-Titled-Tuesday-Blitz-October-17-2023"]
[Site "Chess.com"]
[Date "2023.10.17"]
[Round "1"]
[White "Hambardzumyan_Yuri"]
[Black "NowInChess"]
[Result "0-1"]
[WhiteElo "2496"]
[BlackElo "2239"]
[TimeControl "180+1"]
[EndTime "14:09:15 PDT"]
[Termination "NowInChess won by resignation"]

1. e4 e6 2. d4 d5 3. Nc3 Nc6 4. Nf3 Nf6 5. Bg5 Be7 6. exd5 exd5 7. h3 Bf5 8. Bd3 Bxd3 9. Qxd3 h6 10. Bxf6 Bxf6 11. O-O O-O 12. Ne2 Re8 13. c3 Qd6 14.
Ng3 g6 15. Rae1 Kf8 16. Re3 Rxe3 17. Qxe3 Kg7 18. Re1 Rd8 19. Nh2 Bg5 20. Qe2 Rd7 21. Nhf1 Re7 22. Qd1 Rxe1 23. Qxe1 Qe7 24. Ne3 Bxe3 25.
fxe3 f5 26. Qf2 Nb8 27. Qf4 Nc6 28. Kh2 Nd8 29. Ne2 Nf7 30. Nc1 Qd6 31. Nd3 Qxf4+ 32. Nxf4 c6 33. Kg3 Kf6 34. Kf3 Nd6 35. Nd3 Nf7 36. Nc5 Nd6 37. Nd7+ Ke6 38. Ne5 g5 39.
g4 Ne4 40. Nd3 Nd2+ 41. Kg3 Ne4+ 42. Kg2 fxg4 43. hxg4 Nf6 44. Kf3 h5 45. gxh5 Nxh5 46. Nc5+ Kf5 47. Nxb7 g4+ 48. Ke2 Kg5 49. Nd6 Kh4 50. Kf2 Kh3 51. Kg1 Ng3 52. c4 dxc4 53. Nxc4 Ne2+ 54. Kf1 g3 55. Kxe2 g2 56. Ne5 g1=Q 57.
Kd3 Qb1+ 58. Kc4 Qxa2+ 59. Kc5 Qb1 60. Nxc6 Qc2+ 61. Kd5 Qxb2 62. Ne5 Qb3+ 63. Kd6 a5 64. e4 Qb4+ 65. Ke6 a4 66. d5 Qb6+ 67. d6 a3 68. Nd7 Qb7 69. Nc5 Qc8+ 70. Kd5 a2 71. d7 Qd8 72. Kd6 Qb8+ 73. Ke7 a1=Q 74. d8=Q Qae5+ 75.
Ne6 Qxe6+ 76. Kxe6 Qxd8 77. e5 Qe8+ 78. Kf5 Kh4 79. e6 Kh5 80. Ke5 Kh6 81. Kf6 Kh7 82.
e7 Kg8 0-1

[Event "Late-Titled-Tuesday-Blitz-October-17-2023"]
[Site "Chess.com"]
[Date "2023.10.17"]
[Round "1"]
[White "Alphafischer2019"]
[Black "effefe"]
[Result "0-1"]
[WhiteElo "2603"]
[BlackElo "2335"]
[TimeControl "180+1"]
[EndTime "14:09:16 PDT"]
[Termination "effefe won by checkmate"]

1. e4 d6 2. d3 Nf6 3. g3 g6 4.
Bg2 Bg7 5. f4 O-O 6. Nf3 Nc6 7.
O-O e5 8. c3 d5 9. fxe5 Ng4 10.
exd5 Ncxe5 11. Nxe5 Nxe5 12. Bf4 Bg4 13. Qd2 Bf5 14.
d4 Nc4 15. Qf2 Nb6 16. d6 c6 17. Nd2 Nc8 18. Nc4 Bd3 19. d7 Bxc4 20. dxc8=Q Rxc8 21. Rfe1 Qd7 22. Be5 Bd5 23. Bxg7 Kxg7 24. Re5 Bxg2 25. Qxg2 Rce8 26. Rae1 Rxe5 27. Rxe5 Re8 28. Qe2 Rxe5 29. Qxe5+ f6 30. Qe4 Qd6 31. Kf2 f5 32. Qe3 Kf6 33.
c4 Qb4 34. b3 Qd6 35. h4 h6 36.
Kf3 g5 37. hxg5+ hxg5 38. Qc3 Kg6 39. Qe3 Qf6 40. Qe8+ Kh6 41. Qd7 g4+ 42. Ke2 Kg5 43.
Kd3 f4 44. gxf4+ Kxf4 45. Qc7+ Kf3 46. Qxb7 Qf5+ 47. Kc3 g3 48. Qxc6+ Kf2 49. d5 Qf3+ 50. Kb4 g2 51. Qc5+ Kf1 52. d6 g1=Q 53. Qxg1+ Kxg1 54. Kc5 Qe3+ 55. Kc6 Qe4+ 56. Kc7 Qe5 57. Kc6 Qe4+ 58. Kc7 Qd4 59. d7 Qc5+ 60. Kb7 Qd6 61. Kc8 Qc6+ 62. Kd8 Kf2 63. Ke7 Qc5+ 64. Ke6 Qc6+ 65. Ke7 Qc7 66. Ke6 Ke3 67. Ke7 Qc5+ 68. Ke8 Qc6 69. Ke7 Qb7 70. Ke8 Qc6 71. Ke7 Qc5+ 72. Ke8 Qe5+ 73.
Kf7 Qd6 74. Ke8 Qe6+ 75. Kd8 Kd4 76. Kc7 Qe7 77. Kc8 Qc5+ 78. Kb7 Qd6 79. Kc8 Qc6+ 80. Kd8 Kc5 81. Ke7 Qd6+ 82. Kd8 Kc6 83. Kc8 Qxd7+ 84. Kb8 Qb7# 0-1

[Event "Late-Titled-Tuesday-Blitz-October-17-2023"]
[Site "Chess.com"]
[Date "2023.10.17"]
[Round "1"]
[White "pedromartinez91"]
[Black "Mariia89"]
[Result "1-0"]
[WhiteElo "2529"]
[BlackElo "2093"]
[TimeControl "180+1"]
[EndTime "14:09:58 PDT"]
[Termination "pedromartinez91 won on time"]

1. d4 Nf6 2. c4 c5 3. d5 b5 4. cxb5 a6 5. bxa6 Bxa6 6. Nc3 d6 7.
e4 Bxf1 8. Kxf1 g6 9. g3 Bg7 10. Kg2 O-O 11. Nf3 Nbd7 12. Qe2 Qa5 13. a4 Ne8 14.
Nb5 Nc7 15. Bd2 Qb6 16. Bc3 Rfb8 17. Nxc7 Qxc7 18. h4 h5 19. Ra3 Rb7 20. Re1 Rab8 21.
e5 dxe5 22. Nxe5 Nxe5 23. Bxe5 Bxe5 24. Qxe5 Qd8 25. Rf3 Ra8 26. Re4 Rd7 27. Qf4 Qf8 28.
Re5 Rd6 29. Qe4 Ra7 30. b3 Qd8 31. Re3 Rdd7 32. Qc4 Qc8 33. Rg5 Rd6 34. Rc3 Rc7 35. b4 Rb6 36. bxc5 Rb2 37. d6 exd6 38. Rxg6+ Kf8 39.
Rh6 Qf5 40. Qd4 Rxc5 41. Qxd6+ Kg7 42. Qxc5 Qxc5 43. Rh7+ Kxh7 44. Rxc5 Kg6 45. Rg5+ Kh6 46. a5 Ra2 47. Rb5 f6 48. Kf3 Kg6 49. Ke3 Ra3+ 50.
Ke2 Ra2+ 51. Kf3 Ra3+ 52. Kg2 Ra2 53. Kg1 Ra1+ 54. Kh2 Ra2 55. Kg1 Ra1+ 56. Kh2 Ra2 57. Kh3 Rxf2 58. Rb8 Ra2 59. Rg8+ Kf7 60. Ra8 Kg6 61.
a6 Kf5 62. a7 Ra3 63. Rh8 Rxa7 64. Rxh5+ Kg6 65. Rb5 Ra3 66. Rb4 f5 67. Kg2 Kh5 68.
Rf4 Kg6 69. Rf3 Ra2+ 70. Rf2 Ra3 71. Rb2 Ra5 72. Kf3 Ra3+ 73. Kf2 Kh5 74. Rb8 Kg6 75. Rg8+ Kf7 76. Rc8 Kf6 77. Rd8 Ke7 78. Rd4 Kf6 79.
Rf4 Kg6 80. Rf3 Ra2+ 81. Ke3 Ra3+ 82. Kf4 Ra4+ 83. Ke5 Re4+ 84. Kd5 Re1 85. Kd4 Re8 86. Re3 Rd8+ 87. Ke5 Re8+ 88. Kf4 Rf8 89. Re6+ Kh5 90. Ra6 Rf7 91. Ra8 Rf8 92. Rxf8 Kg6 93. Rxf5 1-0

[Event "Late-Titled-Tuesday-Blitz-October-17-2023"]
[Site "Chess.com"]
[Date "2023.10.17"]
[Round "1"]
[White "sorch29"]
[Black "GianmarcoVaR"]
[Result "0-1"]
[WhiteElo "2384"]
[BlackElo "2702"]
[TimeControl "180+1"]
[EndTime "14:10:05 PDT"]
[Termination "GianmarcoVaR won by checkmate"]

1. c4 e6 2. Nf3 d5 3. g3 Nf6 4.
Bg2 Nbd7 5. O-O Be7 6. b3 O-O 7. Bb2 c5 8. e3 b6 9. Qe2 Bb7 10.
Rd1 Qc7 11. Nc3 Rad8 12. cxd5 Nxd5 13. Nxd5 Bxd5 14. d4 Qb7 15. Ne1 Bf6 16. Bxd5 Qxd5 17. Rac1 cxd4 18. Bxd4 Qb7 19. Nf3 h6 20. Bxf6 Nxf6 21.
Ne5 Rc8 22. f3 Nd5 23. Re1 Rxc1 24. Rxc1 Rc8 25. Rxc8+ Qxc8 26. Qc4 Qd8 27. e4 Nf6 28. Qd3 Qc7 29. Nc4 Qc5+ 30. Kg2 b5 31. Ne3 a6 32. Qd8+ Kh7 33. Qd3 g6 34. Nd1 Qa3 35. Qd2 Kg8 36. Qb2 Qxb2+ 37. Nxb2 Nd7 38. Nd3 Kf8 39. Kf2 Ke7 40.
Ke3 Kd6 41. Kd4 a5 42. f4 g5 43. a3 f6 44. h4 e5+ 45. fxe5+ fxe5+ 46. Kc3 Nf6 47. Nf2 Nh5 48. hxg5 hxg5 49. g4 Nf6 50. a4 bxa4 51. bxa4 Nd7 52. Kc4 Kc6 53. Nd3 Nb6+ 54. Kb3 Kd6 55. Ka3 Nc4+ 56. Ka2 Ne3 57. Nf2 Kc5 58.
Kb3 Kd4 59. Nh3 Kxe4 60. Nxg5+ Kd5 61. Nf3 Nxg4 62. Kc3 Nf6 63. Kd2 Ne4+ 64. Ke3 Nc5 65. Nd2 e4 66. Nb1 Nxa4 67. Na3 Nb6 68. Nb5 Nc4+ 69.
Ke2 Kc5 70. Nc3 Kd4 71. Nb5+ Kc5 72. Nc3 e3 73. Kd3 Kb4 74. Ne2 a4 75. Nd4 a3 76. Nc2+ Kb3 77. Nd4+ Kb2 78. Kxc4 a2 79. Nb3 e2 80. Nc5 e1=Q 81. Nd3+ Kb1 82. Nxe1 a1=Q 83. Nd3 Qa6+ 84. Kd4 Qd6+ 85. Ke4 Kc2 86. Ne5 Kc3 87. Nf3 Qe6+ 88. Kf4 Qf6+ 89. Ke4 Qc6+ 90. Kf4 Qc7+ 91. Ke4 Kc4 92. Kf5 Kd5 93. Kg4 Qd7+ 94. Kg3 Qg7+ 95.
Kf4 Qf6+ 96. Ke3 Qe6+ 97. Kf4 Qe4+ 98. Kg3 Qe3 99. Kg4 Qe2 100. Kf4 Qf2 101. Kg4 Ke4 102. Ng5+ Ke3 103. Kh5 Qf5 104. Kh4 Kf4 105. Nh3+ Ke4 106. Ng5+ Ke5 107. Nh3 Qg6 108. Ng5 Kf5 109. Nh3 Qg4# 0-1

[Event "Late-Titled-Tuesday-Blitz-October-17-2023"]
[Site "Chess.com"]
[Date "2023.10.17"]
[Round "2"]
[White "2346PL"]
[Black "crosky"]
[Result "1-0"]
[WhiteElo "2528"]
[BlackElo "2334"]
[TimeControl "180+1"]
[EndTime "14:12:43 PDT"]
[Termination "2346PL won by resignation"]

1. Nf3 Nf6 2. g3 b5 3. Bg2 Bb7 4. O-O c5 5. d4 e6 6. b3 Be7 7. Bb2 O-O 8. dxc5 Bxc5 9. Nbd2 d5 10. Ne5 Nbd7 11. c4 Nxe5 12. Bxe5 Ng4 13. Bb2 Qb6 14. e3 Bxe3 15. Qxg4 1-0

[Event "Late-Titled-Tuesday-Blitz-October-17-2023"]
[Site "Chess.com"]
[Date "2023.10.17"]
[Round "2"]
[White "Laico"]
[Black "Yushko_Olga"]
[Result "1-0"]
[WhiteElo "2444"]
[BlackElo "2151"]
[TimeControl "180+1"]
[EndTime "14:12:55 PDT"]
[Termination "Laico won by resignation"]

1. e4 e6 2. d4 d5 3. Nd2 Nf6 4. Bd3 Be7 5. e5 Nfd7 6. c3 c5 7. Ne2 Nc6 8. Nf3 Qb6 9. O-O O-O 10. Kh1 f6 11. Nf4 fxe5 12. Nxe6 e4 13. Nxf8 Nxf8 14. dxc5 Bxc5 15. b4 Bd6 16. Bc2 exf3 17. Qxd5+ Be6 18. Qxd6 fxg2+ 19. Kxg2 Rd8 20. Qc5 Bd5+ 21. f3 Qc7 22.
Be4 Ne6 23. Bxd5 1-0

[Event "Late-Titled-Tuesday-Blitz-October-17-2023"]
[Site "Chess.com"]
[Date "2023.10.17"]
[Round "2"]
[White "vladislavkovalev"]
[Black "HalfIsCrayfish"]
[Result "1-0"]
[WhiteElo "2867"]
[BlackElo "2539"]
[TimeControl "180+1"]
[EndTime "14:13:08 PDT"]
[Termination "vladislavkovalev won by resignation"]

1. e4 c6 2. Nf3 d5 3. d3 Bg4 4.
Nbd2 dxe4 5. dxe4 e5 6. h3 Bxf3 7. Qxf3 Nf6 8. Bc4 Nbd7 9. Qb3 Qe7 10. Qxb7 Rb8 11. Qxa7 Qb4 12. c3 Qc5 13. Qxc5 Nxc5 14. f3 Na4 15. Bb3 Nc5 16. Bc2 Be7 17. b4 Ncd7 18.
a4 O-O 19. Nc4 Nh5 20. O-O Rfd8 21. Rd1 Rbc8 22. Be3 Ndf6 23. Rxd8+ Bxd8 24. Nxe5 1-0

[Event "Late-Titled-Tuesday-Blitz-October-17-2023"]
[Site "Chess.com"]
[Date "2023.10.17"]
[Round "2"]
[White "pirulillo"]
[Black "Sanyura"]
[Result "1-0"]
[WhiteElo "2351"]
[BlackElo "2514"]
[TimeControl "180+1"]
[EndTime "14:13:21 PDT"]
[Termination "pirulillo won by resignation"]

1. e4 c6 2. d4 d5 3. Nc3 c5 4.
exd5 e6 5. Bb5+ Bd7 6. dxe6 Bxb5 7. exf7+ Kxf7 8. Nxb5 Nf6 9. Ne2 Nc6 10. c3 a6 11.
Na3 cxd4 12. O-O Bxa3 13. bxa3 d3 14. Nf4 Re8 15. Qb3+ Kf8 16. Be3 b5 17. Bc5+ Re7 18. Ne6+ 1-0

[Event "Late-Titled-Tuesday-Blitz-October-17-2023"]
[Site "Chess.com"]
[Date "2023.10.17"]
[Round "2"]
[White "BrandonJacobson"]
[Black "filipluczak05"]
[Result "1-0"]
[WhiteElo "2994"]
[BlackElo "2625"]
[TimeControl "180+1"]
[EndTime "14:13:56 PDT"]
[Termination "BrandonJacobson won by resignation"]

1. Nf3 g6 2. e4 Bg7 3. d4 c5 4. d5 b5 5. a4 b4 6. h3 d6 7. Bb5+ Bd7 8. Bc4 Nf6 9. e5 dxe5 10.
Nxe5 O-O 11. O-O Ne8 12. Bf4 Nd6 13. Nd2 a5 14. Re1 Re8 15. Qf3 Bf5 16. Bb3 Na6 17. Nc6 Qc7 18. g4 Bc8 19. Nc4 Bb7 20. Rxe7 Rxe7 21.
Bxd6 Kh8 22. Bxc7 1-0

[Event "Late-Titled-Tuesday-Blitz-October-17-2023"]
[Site "Chess.com"]
[Date "2023.10.17"]
[Round "2"]
[White "Beca95"]
[Black "DanielTitichoca"]
[Result "1-0"]
[WhiteElo "2918"]
[BlackElo "2580"]
[TimeControl "180+1"]
[EndTime "14:14:17 PDT"]
[Termination "Beca95 won by resignation"]

1. e4 e5 2. Nf3 Nc6 3. Nc3 Nf6 4. Bb5 Bb4 5. O-O O-O 6. Bxc6 dxc6 7. d3 Bxc3 8. bxc3 Qd6 9. h3 h6 10. Nh2 Rd8 11. Qe2 Qc5 12. c4 b5 13. Be3 Qe7 14. cxb5 cxb5 15. f4 exf4 16. Rxf4 Re8 17. Raf1 Be6 18.
Rxf6 gxf6 19. Qh5 Qd6 20. Rxf6 Kf8 21. Bc5 1-0

[Event "Late-Titled-Tuesday-Blitz-October-17-2023"]
[Site "Chess.com"]
[Date "2023.10.17"]
[Round "2"]
[White "javierfreilemartin"]
[Black "becemix"]
[Result "1-0"]
[WhiteElo "2341"]
[BlackElo "2486"]
[TimeControl "180+1"]
[EndTime "14:14:29 PDT"]
[Termination "javierfreilemartin won by resignation"]

1. c4 Nf6 2. Nc3 e6 3. e4 d5 4. e5 d4 5. exf6 dxc3 6. bxc3 Qxf6 7. Nf3 b6 8. d4 h6 9. Bd3 Bb7 10. Qe2 Be7 11. Ne5 O-O 12. O-O c5 13. f4 Rd8 14.
Be3 Nc6 15. Ng4 Qh4 16. g3 Qh5 17. Nf6+ Bxf6 18. Qxh5 cxd4 19. cxd4 Nxd4 20. f5 Nf3+ 21. Rxf3 Rxd3 22. fxe6 fxe6 23. Rxf6 Rxe3 24. Qf7+ Kh8 1-0

[Event "Late-Titled-Tuesday-Blitz-October-17-2023"]
[Site "Chess.com"]
[Date "2023.10.17"]
[Round "2"]
[White "MikaelyanArman"]
[Black "zajka-molotok"]
[Result "1-0"]
[WhiteElo "2878"]
[BlackElo "2554"]
[TimeControl "180+1"]
[EndTime "14:14:33 PDT"]
[Termination "MikaelyanArman won by resignation"]

1. d4 Nf6 2. Nf3 e6 3. g3 c5 4. c4 cxd4 5. Nxd4 d5 6. Bg2 e5 7.
Nf3 d4 8. O-O Nc6 9. e3 Be7 10.
exd4 exd4 11. Bf4 O-O 12. Ne5 Nxe5 13. Bxe5 Be6 14. Qxd4 Qxd4 15. Bxd4 Bxc4 16. Rc1 Ba6 17. Nc3 Rfd8 18. Rd1 Rd7 19. a4 h5 20. h3 Bb4 21.
Bxf6 Rxd1+ 22. Rxd1 gxf6 23. Nd5 Bc5 24. b4 Bf8 25. b5 1-0

[Event "Late-Titled-Tuesday-Blitz-October-17-2023"]
[Site "Chess.com"]
[Date "2023.10.17"]
[Round "2"]
[White "Nor1lsk"]
[Black "Kostukov_Alex"]
[Result "1-0"]
[WhiteElo "2712"]
[BlackElo "2393"]
[TimeControl "180+1"]
[EndTime "14:14:35 PDT"]
[Termination "Nor1lsk won by resignation"]

1. e4 c5 2. d3 g6 3. g3 Bg7 4. Bg2 Nc6 5. f4 d6 6. Nf3 e5 7. O-O Nge7 8. f5 gxf5 9. Nh4 fxe4 10. dxe4 Rf8 11. Qh5 h6 12. Bxh6 Bxh6 13. Qxh6 Nd4 14. Na3 Be6 15. c3 Ndc6 16. Rad1 Kd7 17. Nf5 Nc8 18.
Nb5 Bxf5 19. Nxd6 1-0